 Dungeon Crawl Stone Soup version 0.17-a0-2055-gb4e23be (webtiles) character file.

91 hexophile the Chopper (level 4, -1/37 HPs)
             Began as a Hill Orc Gladiator on Oct 11, 2015.
             Slain by Eustachio
             ... wielding a +0 rapier
              (3 damage)
             ... on level 4 of the Dungeon.
             The game lasted 00:04:05 (1920 turns).

hexophile the Chopper (Hill Orc Gladiator)          Turns: 1920, Time: 00:04:05

Health: -1/37      AC:  5    Str: 17    XL:     4   Next: 57%
Magic:  4/4        EV: 12    Int:  8    God:
Gold:   139        SH:  0    Dex: 12    Spells: 0 memorised, 3 levels left

rFire  . . .     SeeInvis .     a - +0 war axe
rCold  . . .     Clarity  .     b - +0 leather armour
rNeg   . . .     SustAt   .     (no shield)
rPois  .         Gourm    .     c - +1 helmet
rElec  .         Spirit   .     (no cloak)
rCorr  .         Warding  .     (no gloves)
rMut   .         Stasis   .     (no boots)
MR     .....                    (no amulet)
Stlth  +.........               (no ring)
                                (no ring)

@: lethally poisoned (-1 -> -16), not resistant to hostile enchantments, very
unstealthy
A: no striking features
a: no special abilities


You were on level 4 of the Dungeon.
You were not hungry.

You visited 1 branch of the dungeon, and saw 5 of its levels.

You collected 139 gold pieces.

Inventory:

Hand Weapons
 a - a +0 war axe (weapon)
 h - a +0 blowgun
Missiles
 i - 40 poisoned needles
 F - 2 throwing nets (quivered) {+f}
Armour
 b - a +0 leather armour (worn)
 c - a +1 helmet (worn)
Scrolls
 g - a scroll of teleportation
 j - a scroll of fog {unknown}
 k - a scroll of blinking {unknown}
 l - a scroll of enchant weapon {unknown}
 o - a scroll of fear {unknown}
 p - a scroll of remove curse {unknown}
 q - a scroll of amnesia {unknown}
Comestibles
 d - 4 meat rations
 e - 5 bread rations
 f - a chunk of flesh
 m - a royal jelly


You had 3 spell levels left.
You didn't know any spells.


   Skills:
 - Level 2.4 Fighting
 + Level 6.8 Axes
 - Level 1.7 Throwing
 - Level 2.4 Dodging

Dungeon Overview and Level Annotations

Branches:
Dungeon (5/15)
 Temple: D:4-7

Altars:
Makhleb
Zin

Annotations:
D:4 Eustachio

Vault maps used:
D:1:      evilmike_arrival_hilbert_curve
D:2:      first_bread, kennysheep_generic_room_11
D:4:      grunt_temple_overflow_order_and_chaos_2, uniq_robin, uniq_eustachio
D:5:      serial_shops, shop, uniq_menkaure
You       could see
Eustachio and a river rat.


Message History

Found an escape hatch in the floor.
No target in view!
No target in view!
No target in view!
A sky beast comes into view.
A sky beast is nearby!
A sky beast is nearby!
An orc comes into view. It is wielding a hand axe.
The orc shouts!
An orc comes into view. It is wielding a short sword.
The sky beast hits you. The sky beast shocks you.
An ooze comes into view.
You take 6 damage, and have 17/37 hp.
You barely miss the sky beast.
The ooze quivers.
The sky beast hits you but does no damage.
The sky beast flickers out of sight!
Deactivating autopickup; reactivate with Ctrl-A.
Something hits you but does no damage.
You miss something. Something hits you but does no damage.
There is a stone staircase leading up here.
Something hits you. Something shocks you.
* * * LOW HITPOINT WARNING * * *
You climb upwards.
Level annotation: Eustachio Eustachio hits you but does no damage.
There is a stone staircase leading down here.
You take 8 damage, and have 10/37 hp.
MASSIVE DAMAGE!!
Unknown command.
Unknown command.
Unknown command.
Throwing (i - inventory):
F - 3 throwing nets (quivered)
{+f}
Press: ? - help, Shift-Dir - straight line, f - Eustachio
Aim: Eustachio, wielding a rapier and wearing a leather armour (lightly wounded)
You throw a throwing net {+f}.
The throwing net {+f} completely misses Eustachio.
Eustachio closely misses you. Something hits you.
* * * LOW HITPOINT WARNING * * *
Something shocks you.
* * * LOW HITPOINT WARNING * * *
You take 6 damage, and have 4/37 hp.
Unknown command.
Unknown command.
Drink which item? (? for menu, Esc to quit)
It was a potion of poison.
That liquid tasted very nasty...
You are lethally poisoned!
* * * LOW HITPOINT WARNING * * *
You feel sick. Eustachio hits you with a rapier.
You die...

Action                   |  1- 3 |  4- 6 || total
-------------------------+-------+-------++-------
Melee: War axe           |   103 |    39 ||   142
Throw: Throwing net      |     6 |     1 ||     7
  Use: Scroll            |     5 |       ||     5
       Potion            |     3 |     3 ||     6
 Stab: Sleeping          |     2 |       ||     2
       Held in net/web   |     2 |       ||     2
  Eat: Chunk             |     2 |     1 ||     3

Notes
Turn   | Place    | Note
--------------------------------------------------------------
     0 | D:1      | hexophile the Hill Orc Gladiator began the quest for the Orb.
     0 | D:1      | Reached XP level 1. HP: 18/18 MP: 1/1
   210 | D:1      | Reached XP level 2. HP: 20/25 MP: 2/2
   371 | D:1      | Reached skill level 5 in Axes
   728 | D:2      | Reached XP level 3. HP: 4/30 MP: 3/3
  1146 | D:3      | Reached skill level 6 in Axes
  1530 | D:3      | Reached XP level 4. HP: 32/37 MP: 4/4
  1739 | D:4      | Noticed Robin
  1755 | D:4      | Killed Robin
  1858 | D:4      | Found a burning altar of Makhleb.
  1859 | D:4      | Noticed a balrug
  1861 | D:4      | Noticed Eustachio
  1863 | D:4      | Found a glowing silver altar of Zin.
  1863 | D:4      | Noticed an angel
  1886 | D:5      | Entered Level 5 of the Dungeon
  1899 | D:5      | Noticed a sky beast
  1920 | D:4      | Slain by Eustachio

Table legend:
 A = Turns spent in this place as a percentage of turns spent in the entire game.
 B = Non-inter-level travel turns spent in this place as a percentage of non-inter-level travel turns spent in the entire game.
 C = Inter-level travel turns spent in this place as a percentage of turns spent in this place.
 D = Turns resting spent in this place as a percentage of non-inter-level travel turns spent in this place.
 E = Turns spent auto-exploring this place as a percentage of non-inter-level travel turns spent in this place.
 F = Non-inter-level travel turns spent in this place divided by the number of levels of this place that you've seen.
                   A       B       C       D       E      F
               +-------+-------+-------+-------+-------+----------------------
         Total | 100.0 | 100.0 |   0.3 |   1.5 |  13.2 | 149.0
       Dungeon | 100.0 | 100.0 |   0.3 |   1.5 |  13.2 | 149.0
               +-------+-------+-------+-------+-------+----------------------

Table legend:
 A = Kills in this place as a percentage of kills in entire the game.
 B = Kills by you in this place as a percentage of kills by you in the entire game.
 C = Kills by friends in this place as a percentage of kills by friends in the entire game.
 D = Other kills in this place as a percentage of other kills in the entire game.
 E = Experience gained in this place as a percentage of experience gained in the entire game.
 F = Experience gained in this place divided by the number of levels of this place that you have seen.
                   A       B       C       D       E      F
               +-------+-------+-------+-------+-------+----------------------
         Total | 100.0 | 100.0 |  -nan |  -nan | 100.0 |  26.0
       Dungeon | 100.0 | 100.0 |  -nan |  -nan | 100.0 |  26.0
               +-------+-------+-------+-------+-------+----------------------

Vanquished Creatures
  Robin (D:4)
  An adder (D:2)
  4 worms
  2 giant geckos
  2 orcs (D:3)
  2 bats
  4 giant cockroaches
  12 goblins
  8 hobgoblins
  3 kobolds
  A quokka (D:3)
  3 ball pythons
  7 giant newts
  5 rats
55 creatures vanquished.
